2693 views
Uploaded 2019-12-01 20:54:24
Game version 1.32.0.3 / 1.32.0.3.1
25:58 long 4on4 ladder game on (8)Mur'gulOasis_LV
Saved by BEARAND
2693 views
Uploaded 2019-12-01 20:54:24
Game version 1.32.0.3 / 1.32.0.3.1
25:58 long 4on4 ladder game on (8)Mur'gulOasis_LV


79 units @ 5.7k
/ 0k
296 buildings @ 15.4k
/ 7.5k



x1)
| Staff of Sanctuary | 3 | 750 |
| Orb of Fire | 1 | 325 |
| Boots of Speed | 3 | 750 |
| Staff of Teleportation | 3 | 450 |
| Circlet of Nobility | 2 | 350 |
| Tome of Retraining | 1 | 300 |
| Orb of Venom | 2 | 650 |
| total: | 15 | 3575g |
| Peasant | 17 | 1275 | / | 0 |
| Priest | 1 | 135 | / | 10 |
| total: | 18 | 1410g | / | 10w |
| Scout Tower | 45 | 1350 | / | 900 |
| Arcane Tower | 3 | 210 | / | 150 |
| Guard Tower | 20 | 1400 | / | 1000 |
| Altar of Kings | 1 | 180 | / | 50 |
| Farm | 4 | 320 | / | 80 |
| Lumber Mill | 1 | 120 | / | 0 |
| Arcane Vault | 2 | 260 | / | 60 |
| Town Hall | 1 | 385 | / | 205 |
| Arcane Sanctum | 1 | 150 | / | 140 |
| Keep | 1 | 320 | / | 210 |
| Castle | 1 | 360 | / | 210 |
| total: | 55 | 2765g | / | 1435w |
| 0:02 | Peasant |
| 0:13 | Peasant |
| 0:18 | Altar of Kings |
| 0:21 | Peasant |
| 0:32 | Farm |
| 0:34 | Lumber Mill |
| 0:35 | Peasant |
| 0:41 | Peasant |
| 0:58 | Peasant |
| 1:06 | Scout Tower |
| 1:10 | Peasant |
| 1:17 | Scout Tower |
| 1:20 | Peasant |
| 1:27 | Scout Tower |
| 1:35 | Arcane Vault |
| 1:38 | Peasant |
| 1:58 | Peasant |
| 2:02 | Arcane Tower |
| 2:17 | Farm |
| 2:21 | Arcane Tower |
| 2:23 | Guard Tower |
| 2:28 | Summon Water Elemental |
| 2:34 | Scout Tower |
| 2:55 | Peasant |
| 2:56 | Improved Masonry |
| 3:06 | Scout Tower |
| 3:31 | Peasant |
| 3:33 | Guard Tower |
| 3:35 | Scout Tower |
| 3:35 | Guard Tower |
| 3:37 | Scout Tower |
| 3:37 | Scout Tower |
| 3:38 | Scout Tower |
| 3:49 | Brilliance Aura |
| 3:59 | Peasant |
| 3:59 | Peasant |
| 4:18 | Boots of Speed |
| 4:19 | Staff of Teleportation |
| 4:41 | Keep |
| 4:43 | Guard Tower |
| 4:44 | Guard Tower |
| 5:03 | Guard Tower |
| 5:24 | Scout Tower |
| 5:26 | Summon Water Elemental |
| 5:39 | Guard Tower |
| 5:41 | Scout Tower |
| 5:41 | Scout Tower |
| 6:11 | Guard Tower |
| 6:38 | Scout Tower |
| 6:39 | Scout Tower |
| 7:04 | Farm |
| 7:14 | Advanced Masonry |
| 7:14 | Improved Lumber Harvesting |
| 7:15 | Guard Tower |
| 7:15 | Guard Tower |
| 7:41 | Guard Tower |
| 7:50 | Peasant |
| 7:50 | Peasant |
| 8:08 | Peasant |
| 8:24 | Arcane Sanctum |
| 8:40 | Castle |
| 8:53 | Guard Tower |
| 8:54 | Scout Tower |
| 8:55 | Scout Tower |
| 9:03 | Storm Bolt |
| 9:30 | Staff of Teleportation |
| 9:35 | Boots of Speed |
| 9:42 | Brilliance Aura |
| 9:51 | Scout Tower |
| 9:52 | Scout Tower |
| 9:53 | Guard Tower |
| 10:04 | Magic Sentry |
| 10:16 | Scout Tower |
| 10:22 | Scout Tower |
| 10:29 | Guard Tower |
| 10:51 | Scout Tower |
| 10:54 | Guard Tower |
| 11:03 | Bash |
| 11:06 | Imbued Masonry |
| 11:07 | Advanced Lumber Harvesting |
| 11:12 | Scout Tower |
| 11:13 | Scout Tower |
| 11:15 | Priest Adept Training |
| 11:15 | Priest |
| 11:49 | Farm |
| 12:11 | Arcane Vault |
| 12:14 | Guard Tower |
| 12:16 | Scout Tower |
| 12:17 | Scout Tower |
| 12:23 | Boots of Speed |
| 13:19 | Staff of Sanctuary |
| 13:27 | Orb of Fire |
| 13:31 | Holy Light |
| 13:38 | Scout Tower |
| 13:50 | Staff of Teleportation |
| 13:50 | Circlet of Nobility |
| 15:14 | Guard Tower |
| 15:54 | Tome of Retraining |
| 15:54 | Retrain Hero |
| 15:56 | Blizzard |
| 15:56 | Blizzard |
| 15:57 | Brilliance Aura |
| 17:14 | Scout Tower |
| 17:15 | Scout Tower |
| 17:15 | Scout Tower |
| 17:16 | Scout Tower |
| 17:17 | Scout Tower |
| 17:17 | Scout Tower |
| 17:18 | Scout Tower |
| 17:18 | Scout Tower |
| 17:19 | Storm Bolt |
| 17:41 | Arcane Tower |
| 17:51 | Staff of Sanctuary |
| 17:56 | Staff of Sanctuary |
| 18:13 | Guard Tower |
| 18:17 | Town Hall |
| 18:19 | Scout Tower |
| 18:20 | Scout Tower |
| 18:21 | Scout Tower |
| 18:22 | Scout Tower |
| 18:23 | Scout Tower |
| 18:26 | Orb of Venom |
| 18:34 | Orb of Venom |
| 18:39 | Guard Tower |
| 18:41 | Scout Tower |
| 18:41 | Scout Tower |
| 18:42 | Scout Tower |
| 18:44 | Scout Tower |
| 18:44 | Scout Tower |
| 18:45 | Scout Tower |
| 19:55 | Divine Shield |
| 20:48 | Guard Tower |
| 21:00 | Circlet of Nobility |
| 21:53 | Blizzard |
| 25:04 | Holy Light |
| Right click | 1355 |
| Select group | 1270 |
| Assign group | 309 |
| Select | 301 |
| Build/train/purchase | 136 |
| Misc. action | 118 |
| Use ability | 76 |
| Chat | 9 |
| Item give/drop | 5 |



x1)
| Staff of Sanctuary | 2 | 500 |
| Staff of Teleportation | 3 | 450 |
| Boots of Speed | 3 | 750 |
| Tome of Retraining | 1 | 300 |
| Orb of Venom | 2 | 650 |
| total: | 11 | 2650g |
| Peasant | 15 | 1125 | / | 0 |
| total: | 15 | 1125g | / | 0w |
| Scout Tower | 140 | 4200 | / | 2800 |
| Arcane Tower | 5 | 350 | / | 250 |
| Guard Tower | 67 | 4690 | / | 3350 |
| Altar of Kings | 1 | 180 | / | 50 |
| Farm | 5 | 400 | / | 100 |
| Lumber Mill | 1 | 120 | / | 0 |
| Arcane Vault | 2 | 260 | / | 60 |
| Town Hall | 1 | 385 | / | 205 |
| Arcane Sanctum | 1 | 150 | / | 140 |
| Keep | 1 | 320 | / | 210 |
| Castle | 1 | 360 | / | 210 |
| total: | 151 | 5695g | / | 3355w |
| 0:02 | Peasant |
| 0:08 | Peasant |
| 0:16 | Altar of Kings |
| 0:18 | Farm |
| 0:22 | Peasant |
| 0:37 | Lumber Mill |
| 0:41 | Peasant |
| 0:44 | Farm |
| 0:47 | Peasant |
| 0:52 | Peasant |
| 1:03 | Peasant |
| 1:13 | Scout Tower |
| 1:22 | Scout Tower |
| 1:23 | Scout Tower |
| 1:28 | Scout Tower |
| 1:29 | Peasant |
| 1:41 | Peasant |
| 1:43 | Arcane Tower |
| 1:51 | Arcane Tower |
| 2:02 | Scout Tower |
| 2:05 | Guard Tower |
| 2:19 | Guard Tower |
| 2:22 | Peasant |
| 2:24 | Scout Tower |
| 2:31 | Summon Water Elemental |
| 2:34 | Guard Tower |
| 2:35 | Scout Tower |
| 2:36 | Scout Tower |
| 2:40 | Scout Tower |
| 2:41 | Scout Tower |
| 2:49 | Peasant |
| 2:51 | Guard Tower |
| 2:53 | Scout Tower |
| 2:54 | Scout Tower |
| 2:56 | Scout Tower |
| 2:58 | Improved Masonry |
| 2:58 | Advanced Masonry |
| 3:21 | Guard Tower |
| 3:21 | Guard Tower |
| 3:23 | Guard Tower |
| 3:25 | Keep |
| 3:38 | Farm |
| 3:50 | Guard Tower |
| 3:54 | Scout Tower |
| 3:55 | Scout Tower |
| 3:55 | Scout Tower |
| 3:56 | Scout Tower |
| 3:56 | Scout Tower |
| 3:57 | Scout Tower |
| 3:57 | Scout Tower |
| 3:58 | Scout Tower |
| 3:58 | Scout Tower |
| 3:58 | Scout Tower |
| 4:11 | Guard Tower |
| 4:12 | Scout Tower |
| 4:13 | Scout Tower |
| 4:13 | Scout Tower |
| 4:13 | Scout Tower |
| 4:21 | Staff of Teleportation |
| 4:32 | Boots of Speed |
| 4:37 | Guard Tower |
| 4:40 | Guard Tower |
| 4:46 | Guard Tower |
| 5:00 | Brilliance Aura |
| 5:07 | Farm |
| 5:11 | Guard Tower |
| 5:12 | Scout Tower |
| 5:13 | Scout Tower |
| 5:13 | Scout Tower |
| 5:14 | Scout Tower |
| 5:14 | Scout Tower |
| 5:26 | Guard Tower |
| 5:29 | Scout Tower |
| 5:34 | Guard Tower |
| 6:14 | Guard Tower |
| 6:15 | Guard Tower |
| 6:16 | Guard Tower |
| 6:19 | Scout Tower |
| 6:20 | Scout Tower |
| 6:20 | Scout Tower |
| 6:21 | Scout Tower |
| 6:21 | Scout Tower |
| 6:22 | Scout Tower |
| 6:35 | Guard Tower |
| 7:14 | Arcane Tower |
| 7:15 | Guard Tower |
| 7:18 | Guard Tower |
| 7:19 | Guard Tower |
| 7:22 | Castle |
| 7:32 | Arcane Vault |
| 7:34 | Storm Bolt |
| 7:40 | Summon Water Elemental |
| 7:49 | Guard Tower |
| 7:51 | Scout Tower |
| 7:52 | Scout Tower |
| 7:53 | Scout Tower |
| 7:54 | Scout Tower |
| 7:54 | Scout Tower |
| 7:55 | Scout Tower |
| 8:13 | Guard Tower |
| 8:13 | Guard Tower |
| 8:16 | Farm |
| 8:18 | Arcane Sanctum |
| 8:20 | Imbued Masonry |
| 8:20 | Improved Lumber Harvesting |
| 8:25 | Scout Tower |
| 8:26 | Scout Tower |
| 8:26 | Scout Tower |
| 8:27 | Scout Tower |
| 8:29 | Guard Tower |
| 8:50 | Boots of Speed |
| 9:51 | Guard Tower |
| 9:52 | Guard Tower |
| 10:09 | Guard Tower |
| 10:10 | Scout Tower |
| 10:10 | Scout Tower |
| 10:13 | Guard Tower |
| 10:15 | Scout Tower |
| 10:16 | Scout Tower |
| 10:16 | Scout Tower |
| 10:17 | Scout Tower |
| 10:17 | Scout Tower |
| 10:18 | Scout Tower |
| 10:23 | Bash |
| 10:56 | Guard Tower |
| 11:09 | Holy Light |
| 11:26 | Boots of Speed |
| 11:26 | Staff of Teleportation |
| 12:11 | Guard Tower |
| 12:15 | Scout Tower |
| 12:16 | Scout Tower |
| 12:16 | Scout Tower |
| 12:17 | Scout Tower |
| 12:21 | Guard Tower |
| 12:24 | Arcane Vault |
| 12:35 | Tome of Retraining |
| 12:35 | Retrain Hero |
| 12:37 | Blizzard |
| 12:37 | Brilliance Aura |
| 12:38 | Blizzard |
| 12:59 | Magic Sentry |
| 13:01 | Arcane Tower |
| 13:01 | Guard Tower |
| 13:39 | Staff of Sanctuary |
| 13:44 | Staff of Sanctuary |
| 14:05 | Scout Tower |
| 14:06 | Scout Tower |
| 14:07 | Scout Tower |
| 14:07 | Scout Tower |
| 14:08 | Scout Tower |
| 14:08 | Scout Tower |
| 14:19 | Staff of Teleportation |
| 14:33 | Brilliance Aura |
| 15:07 | Storm Bolt |
| 15:28 | Scout Tower |
| 15:29 | Scout Tower |
| 15:29 | Scout Tower |
| 15:30 | Scout Tower |
| 15:30 | Scout Tower |
| 15:31 | Scout Tower |
| 15:31 | Scout Tower |
| 15:32 | Scout Tower |
| 15:44 | Guard Tower |
| 15:53 | Scout Tower |
| 15:54 | Scout Tower |
| 15:54 | Scout Tower |
| 15:55 | Scout Tower |
| 15:56 | Scout Tower |
| 15:56 | Scout Tower |
| 15:58 | Scout Tower |
| 15:58 | Scout Tower |
| 16:09 | Orb of Venom |
| 16:09 | Orb of Venom |
| 16:26 | Guard Tower |
| 16:26 | Guard Tower |
| 16:45 | Guard Tower |
| 17:03 | Guard Tower |
| 17:05 | Scout Tower |
| 17:06 | Scout Tower |
| 17:07 | Scout Tower |
| 17:08 | Scout Tower |
| 17:08 | Scout Tower |
| 17:09 | Scout Tower |
| 17:09 | Scout Tower |
| 17:10 | Scout Tower |
| 17:10 | Scout Tower |
| 17:11 | Scout Tower |
| 17:12 | Scout Tower |
| 17:13 | Scout Tower |
| 17:13 | Scout Tower |
| 17:22 | Peasant |
| 17:22 | Peasant |
| 17:23 | Peasant |
| 17:23 | Peasant |
| 17:40 | Guard Tower |
| 17:46 | Guard Tower |
| 17:47 | Guard Tower |
| 18:02 | Scout Tower |
| 18:03 | Scout Tower |
| 18:03 | Scout Tower |
| 18:03 | Scout Tower |
| 18:04 | Scout Tower |
| 18:04 | Scout Tower |
| 18:09 | Guard Tower |
| 18:21 | Scout Tower |
| 18:22 | Scout Tower |
| 18:22 | Scout Tower |
| 18:23 | Scout Tower |
| 18:24 | Scout Tower |
| 18:24 | Scout Tower |
| 18:42 | Divine Shield |
| 18:53 | Guard Tower |
| 18:54 | Guard Tower |
| 18:56 | Scout Tower |
| 18:57 | Scout Tower |
| 19:19 | Guard Tower |
| 19:28 | Guard Tower |
| 20:43 | Guard Tower |
| 20:45 | Scout Tower |
| 20:46 | Scout Tower |
| 20:46 | Scout Tower |
| 20:46 | Scout Tower |
| 20:47 | Scout Tower |
| 20:47 | Scout Tower |
| 20:47 | Scout Tower |
| 20:48 | Scout Tower |
| 20:53 | Guard Tower |
| 21:09 | Town Hall |
| 21:10 | Scout Tower |
| 21:11 | Scout Tower |
| 21:11 | Scout Tower |
| 21:11 | Scout Tower |
| 21:12 | Scout Tower |
| 21:13 | Scout Tower |
| 21:13 | Scout Tower |
| 21:13 | Scout Tower |
| 21:15 | Guard Tower |
| 22:03 | Guard Tower |
| 22:04 | Scout Tower |
| 22:05 | Scout Tower |
| 22:06 | Scout Tower |
| 22:06 | Scout Tower |
| 22:06 | Scout Tower |
| 22:07 | Scout Tower |
| 22:07 | Scout Tower |
| 22:08 | Scout Tower |
| 22:08 | Scout Tower |
| 22:10 | Scout Tower |
| 22:32 | Scout Tower |
| 22:33 | Scout Tower |
| 22:34 | Scout Tower |
| 22:34 | Scout Tower |
| 22:45 | Guard Tower |
| 22:50 | Arcane Tower |
| 22:50 | Guard Tower |
| 23:15 | Guard Tower |
| 23:40 | Guard Tower |
| 24:35 | Bash |
| 25:00 | Holy Light |
| 25:53 | Blizzard |
| Right click | 1806 |
| Select | 551 |
| Select group | 446 |
| Build/train/purchase | 175 |
| Use ability | 78 |
| Chat | 72 |
| Assign group | 30 |
| Minimap ping | 25 |
| Misc. action | 6 |
| Item give/drop | 3 |



x1)
| Staff of Sanctuary | 3 | 750 |
| Orb of Fire | 2 | 650 |
| Dust of Appearance | 1 | 75 |
| Staff of Teleportation | 3 | 450 |
| Boots of Speed | 4 | 1000 |
| Periapt of Vitality | 4 | 1300 |
| Potion of Invisibility | 1 | 100 |
| Tome of Retraining | 1 | 300 |
| Orb of Venom | 1 | 325 |
| total: | 20 | 4950g |
| Peasant | 16 | 1200 | / | 0 |
| Priest | 2 | 270 | / | 20 |
| total: | 18 | 1470g | / | 20w |
| Scout Tower | 58 | 1740 | / | 1160 |
| Arcane Tower | 6 | 420 | / | 300 |
| Guard Tower | 16 | 1120 | / | 800 |
| Altar of Kings | 1 | 180 | / | 50 |
| Farm | 4 | 320 | / | 80 |
| Lumber Mill | 1 | 120 | / | 0 |
| Arcane Vault | 3 | 390 | / | 90 |
| Arcane Sanctum | 1 | 150 | / | 140 |
| Keep | 1 | 320 | / | 210 |
| Castle | 1 | 360 | / | 210 |
| total: | 68 | 2900g | / | 1520w |
| 0:07 | Peasant |
| 0:08 | Peasant |
| 0:11 | Altar of Kings |
| 0:15 | Peasant |
| 0:20 | Farm |
| 0:37 | Peasant |
| 0:37 | Peasant |
| 0:57 | Scout Tower |
| 1:03 | Peasant |
| 1:04 | Peasant |
| 1:15 | Farm |
| 1:20 | Lumber Mill |
| 1:24 | Scout Tower |
| 1:26 | Peasant |
| 1:28 | Arcane Tower |
| 1:35 | Peasant |
| 1:35 | Peasant |
| 1:57 | Scout Tower |
| 1:59 | Peasant |
| 2:07 | Peasant |
| 2:11 | Summon Water Elemental |
| 2:18 | Peasant |
| 2:22 | Guard Tower |
| 2:24 | Guard Tower |
| 2:25 | Scout Tower |
| 2:48 | Peasant |
| 2:52 | Scout Tower |
| 2:53 | Guard Tower |
| 3:17 | Scout Tower |
| 3:18 | Scout Tower |
| 3:20 | Peasant |
| 3:20 | Peasant |
| 3:47 | Arcane Tower |
| 3:48 | Guard Tower |
| 3:56 | Staff of Teleportation |
| 3:56 | Boots of Speed |
| 4:14 | Keep |
| 4:24 | Guard Tower |
| 4:29 | Scout Tower |
| 4:59 | Scout Tower |
| 4:59 | Scout Tower |
| 5:05 | Brilliance Aura |
| 5:11 | Guard Tower |
| 5:13 | Scout Tower |
| 5:15 | Scout Tower |
| 5:44 | Farm |
| 6:01 | Guard Tower |
| 6:12 | Guard Tower |
| 6:19 | Scout Tower |
| 6:58 | Castle |
| 7:00 | Arcane Sanctum |
| 7:01 | Improved Masonry |
| 7:05 | Farm |
| 7:09 | Scout Tower |
| 7:10 | Scout Tower |
| 7:29 | Staff of Teleportation |
| 7:29 | Boots of Speed |
| 7:47 | Dust of Appearance |
| 7:56 | Storm Bolt |
| 8:29 | Guard Tower |
| 8:31 | Magic Sentry |
| 8:33 | Boots of Speed |
| 8:38 | Periapt of Vitality |
| 8:57 | Arcane Vault |
| 8:59 | Arcane Vault |
| 9:02 | Arcane Vault |
| 9:05 | Scout Tower |
| 9:06 | Scout Tower |
| 9:48 | Bash |
| 9:53 | Summon Water Elemental |
| 9:57 | Advanced Masonry |
| 9:58 | Arcane Tower |
| 10:24 | Scout Tower |
| 10:24 | Scout Tower |
| 10:37 | Holy Light |
| 10:52 | Boots of Speed |
| 10:54 | Periapt of Vitality |
| 10:55 | Potion of Invisibility |
| 12:03 | Storm Bolt |
| 12:28 | Guard Tower |
| 12:31 | Scout Tower |
| 12:32 | Scout Tower |
| 12:32 | Scout Tower |
| 12:33 | Scout Tower |
| 12:33 | Scout Tower |
| 12:34 | Scout Tower |
| 12:38 | Scout Tower |
| 12:38 | Scout Tower |
| 12:39 | Scout Tower |
| 12:39 | Scout Tower |
| 12:43 | Scout Tower |
| 12:44 | Scout Tower |
| 12:45 | Scout Tower |
| 13:31 | Guard Tower |
| 13:41 | Guard Tower |
| 13:44 | Imbued Masonry |
| 13:58 | Staff of Sanctuary |
| 14:03 | Orb of Fire |
| 14:29 | Staff of Sanctuary |
| 14:54 | Staff of Sanctuary |
| 15:13 | Tome of Retraining |
| 15:13 | Retrain Hero |
| 15:50 | Brilliance Aura |
| 15:50 | Blizzard |
| 15:59 | Guard Tower |
| 16:32 | Staff of Teleportation |
| 16:35 | Periapt of Vitality |
| 16:51 | Orb of Fire |
| 17:52 | Blizzard |
| 17:57 | Priest |
| 17:58 | Priest Adept Training |
| 19:09 | Bash |
| 19:30 | Orb of Venom |
| 19:36 | Scout Tower |
| 19:37 | Scout Tower |
| 19:38 | Scout Tower |
| 19:38 | Scout Tower |
| 19:39 | Scout Tower |
| 19:40 | Scout Tower |
| 19:40 | Scout Tower |
| 19:41 | Scout Tower |
| 19:42 | Scout Tower |
| 19:42 | Scout Tower |
| 19:43 | Scout Tower |
| 19:43 | Scout Tower |
| 19:47 | Periapt of Vitality |
| 20:35 | Divine Shield |
| 20:54 | Arcane Tower |
| 22:21 | Priest |
| 22:21 | Priest Master Training |
| 22:41 | Scout Tower |
| 22:41 | Scout Tower |
| 22:42 | Scout Tower |
| 22:42 | Scout Tower |
| 22:44 | Scout Tower |
| 22:45 | Scout Tower |
| 23:24 | Guard Tower |
| 24:14 | Scout Tower |
| 24:15 | Scout Tower |
| 24:16 | Scout Tower |
| 24:16 | Scout Tower |
| 24:17 | Scout Tower |
| 24:17 | Scout Tower |
| 24:18 | Scout Tower |
| 24:19 | Scout Tower |
| 24:39 | Brilliance Aura |
| 24:48 | Holy Light |
| 25:24 | Storm Bolt |
| 25:48 | Guard Tower |
| 25:50 | Guard Tower |
| 25:50 | Arcane Tower |
| 25:52 | Arcane Tower |
| Right click | 1931 |
| Select group | 1262 |
| Select | 260 |
| Build/train/purchase | 118 |
| Use ability | 118 |
| Misc. action | 86 |
| Chat | 48 |
| Minimap ping | 39 |
| Assign group | 12 |
| Item give/drop | 12 |
| Esc | 2 |


| Orb of Venom | 1 | 325 |
| Boots of Speed | 2 | 500 |
| Circlet of Nobility | 2 | 350 |
| Staff of Teleportation | 2 | 300 |
| Staff of Sanctuary | 1 | 250 |
| total: | 8 | 1725g |
| Wisp | 28 | 1680 | / | 0 |
| total: | 28 | 1680g | / | 0w |
| Altar of Elders | 2 | 360 | / | 100 |
| Moon Well | 14 | 2520 | / | 560 |
| Hunter's Hall | 1 | 210 | / | 100 |
| Ancient of Wonders | 3 | 270 | / | 90 |
| Tree of Life | 2 | 680 | / | 370 |
| Tree of Ages | 1 | 320 | / | 180 |
| Tree of Eternity | 1 | 330 | / | 200 |
| total: | 22 | 4040g | / | 1220w |
| 0:04 | Wisp |
| 0:04 | Wisp |
| 0:05 | Altar of Elders |
| 0:19 | Moon Well |
| 0:28 | Wisp |
| 0:42 | Wisp |
| 0:55 | Moon Well |
| 0:59 | Wisp |
| 1:12 | Wisp |
| 1:18 | Wisp |
| 1:28 | Wisp |
| 1:44 | Wisp |
| 2:01 | Wisp |
| 2:07 | Shadow Strike |
| 2:19 | Wisp |
| 2:19 | Wisp |
| 2:37 | Wisp |
| 2:51 | Wisp |
| 3:13 | Wisp |
| 3:13 | Wisp |
| 3:45 | Wisp |
| 3:45 | Wisp |
| 4:16 | Boots of Speed |
| 4:37 | Wisp |
| 4:37 | Wisp |
| 4:49 | Blink |
| 5:17 | Tree of Ages |
| 5:55 | Hunter's Hall |
| 7:13 | Ultravision |
| 7:24 | Moon Well |
| 9:19 | Entangling Roots |
| 9:29 | Shadow Strike |
| 10:08 | Tree of Eternity |
| 10:16 | Ancient of Wonders |
| 12:28 | Orb of Venom |
| 12:39 | Well Spring |
| 12:41 | Moon Well |
| 12:56 | Moon Well |
| 13:42 | Ancient of Wonders |
| 13:46 | Ancient of Wonders |
| 14:54 | Blink |
| 15:10 | Thorns Aura |
| 15:40 | Wisp |
| 15:40 | Wisp |
| 15:40 | Wisp |
| 15:43 | Moon Well |
| 16:08 | Boots of Speed |
| 16:08 | Circlet of Nobility |
| 16:16 | Tree of Life |
| 16:19 | Tree of Life |
| 17:21 | Staff of Teleportation |
| 17:29 | Altar of Elders |
| 17:30 | Nature's Blessing |
| 18:10 | Moon Well |
| 18:13 | Moon Well |
| 19:19 | Wisp |
| 19:19 | Wisp |
| 19:20 | Wisp |
| 19:20 | Wisp |
| 19:20 | Wisp |
| 19:41 | Moon Well |
| 19:42 | Moon Well |
| 19:43 | Moon Well |
| 19:43 | Moon Well |
| 20:05 | Moon Well |
| 22:00 | Entangling Roots |
| 22:29 | Moon Well |
| 23:19 | Staff of Teleportation |
| 23:19 | Circlet of Nobility |
| 23:33 | Staff of Sanctuary |
| 24:31 | Shadow Strike |
| Right click | 1756 |
| Select | 431 |
| Select group | 412 |
| Misc. action | 212 |
| Resource trade | 206 |
| Use ability | 80 |
| Build/train/purchase | 58 |
| Minimap ping | 5 |
| Item give/drop | 4 |
| Assign group | 2 |
176 units @ 31k
/ 4.8k
78 buildings @ 12.8k
/ 5k

| Healing Salve | 4 | 400 |
| Lesser Clarity Potion | 6 | 420 |
| Scroll of Speed | 2 | 100 |
| Orb of Lightning | 1 | 375 |
| Boots of Speed | 1 | 250 |
| Circlet of Nobility | 1 | 175 |
| total: | 15 | 1720g |
| Peon | 13 | 975 | / | 0 |
| Wind Rider | 6 | 1590 | / | 240 |
| Troll Batrider | 10 | 1600 | / | 400 |
| Demolisher | 2 | 440 | / | 100 |
| total: | 31 | 4605g | / | 740w |
| Watch Tower | 10 | 1100 | / | 800 |
| Altar of Storms | 1 | 180 | / | 50 |
| Orc Burrow | 7 | 1120 | / | 280 |
| Voodoo Lounge | 1 | 130 | / | 30 |
| War Mill | 1 | 205 | / | 0 |
| Great Hall | 2 | 770 | / | 370 |
| Barracks | 1 | 180 | / | 50 |
| Beastiary | 3 | 435 | / | 420 |
| Stronghold | 1 | 315 | / | 190 |
| Fortress | 1 | 325 | / | 190 |
| total: | 26 | 4120g | / | 2000w |
| 0:04 | Peon |
| 0:08 | Altar of Storms |
| 0:10 | Peon |
| 0:23 | Orc Burrow |
| 0:43 | Voodoo Lounge |
| 0:44 | Peon |
| 0:54 | Peon |
| 1:10 | War Mill |
| 1:21 | Peon |
| 1:28 | Peon |
| 1:35 | Peon |
| 1:54 | Peon |
| 1:55 | Peon |
| 1:55 | Peon |
| 2:13 | Wind Walk |
| 2:17 | Healing Salve |
| 2:18 | Lesser Clarity Potion |
| 2:18 | Lesser Clarity Potion |
| 2:18 | Scroll of Speed |
| 2:38 | Stronghold |
| 3:26 | Watch Tower |
| 3:26 | Watch Tower |
| 3:31 | Steel Ranged Weapons |
| 3:47 | Boots of Speed |
| 3:47 | Circlet of Nobility |
| 5:00 | Reinforced Defenses |
| 5:06 | Beastiary |
| 5:08 | Fortress |
| 5:27 | Beastiary |
| 5:40 | Orc Burrow |
| 6:36 | Orc Burrow |
| 6:39 | Steel Armor |
| 6:46 | Wind Rider |
| 6:48 | Wind Rider |
| 6:50 | Lesser Clarity Potion |
| 8:05 | Envenomed Spears |
| 8:07 | Wind Rider |
| 8:48 | Orb of Lightning |
| 8:52 | Lesser Clarity Potion |
| 9:11 | Orc Burrow |
| 9:45 | Wind Rider |
| 9:48 | Critical Strike |
| 10:37 | Troll Batrider |
| 10:43 | Wind Rider |
| 10:57 | Watch Tower |
| 11:07 | Healing Salve |
| 11:28 | Thorium Ranged Weapons |
| 12:24 | Orc Burrow |
| 12:25 | Orc Burrow |
| 12:27 | Thorium Armor |
| 12:50 | Critical Strike |
| 13:37 | Wind Rider |
| 13:42 | Arcanite Ranged Weapons |
| 13:45 | Orc Burrow |
| 13:47 | Watch Tower |
| 14:12 | Watch Tower |
| 14:12 | Watch Tower |
| 14:13 | Watch Tower |
| 14:13 | Watch Tower |
| 14:23 | Healing Salve |
| 15:54 | Great Hall |
| 16:19 | Liquid Fire |
| 16:35 | Great Hall |
| 16:59 | Wind Walk |
| 18:04 | Watch Tower |
| 18:24 | Arcanite Armor |
| 18:29 | Steel Melee Weapons |
| 19:02 | Beastiary |
| 19:07 | Barracks |
| 19:13 | Watch Tower |
| 19:15 | Peon |
| 19:15 | Peon |
| 19:15 | Peon |
| 20:11 | Troll Batrider |
| 20:16 | Demolisher |
| 20:46 | Troll Batrider |
| 20:47 | Troll Batrider |
| 20:49 | Troll Batrider |
| 21:45 | Troll Batrider |
| 22:31 | Lesser Clarity Potion |
| 22:32 | Scroll of Speed |
| 22:37 | Troll Batrider |
| 22:38 | Troll Batrider |
| 22:38 | Troll Batrider |
| 22:52 | Burning Oil |
| 23:25 | Troll Batrider |
| 23:27 | Demolisher |
| 23:42 | Healing Salve |
| 23:45 | Lesser Clarity Potion |
| Right click | 881 |
| Select | 294 |
| Build/train/purchase | 95 |
| Misc. action | 93 |
| Chat | 42 |
| Use ability | 14 |
| Minimap ping | 4 |
| Item give/drop | 2 |
| Remove unit | 2 |
| Assign group | 1 |


| Dust of Appearance | 1 | 75 |
| total: | 1 | 75g |
| Acolyte | 8 | 600 | / | 0 |
| Ghoul | 2 | 240 | / | 0 |
| Crypt Fiend | 13 | 2795 | / | 520 |
| Obsidian Statue | 3 | 600 | / | 105 |
| Meat Wagon | 8 | 1840 | / | 400 |
| Necromancer | 12 | 1740 | / | 240 |
| Banshee | 4 | 620 | / | 120 |
| Gargoyle | 7 | 1225 | / | 210 |
| total: | 57 | 9660g | / | 1595w |
| Spirit Tower | 1 | 145 | / | 40 |
| Crypt | 3 | 600 | / | 150 |
| Graveyard | 1 | 215 | / | 0 |
| Ziggurat | 11 | 1650 | / | 550 |
| Altar of Darkness | 1 | 180 | / | 50 |
| Tomb of Relics | 1 | 130 | / | 30 |
| Necropolis | 1 | 225 | / | 0 |
| Slaughterhouse | 1 | 140 | / | 135 |
| Temple of the Damned | 1 | 155 | / | 140 |
| Halls of the Dead | 1 | 320 | / | 210 |
| total: | 20 | 3295g | / | 1055w |
| 0:05 | Acolyte |
| 0:07 | Crypt |
| 0:10 | Graveyard |
| 0:19 | Acolyte |
| 0:38 | Ziggurat |
| 0:58 | Altar of Darkness |
| 1:09 | Ghoul |
| 1:21 | Ghoul |
| 1:36 | Tomb of Relics |
| 1:56 | Crypt Fiend |
| 2:12 | Ziggurat |
| 2:44 | Ziggurat |
| 3:01 | Death Coil |
| 3:06 | Crypt Fiend |
| 3:15 | Crypt Fiend |
| 3:48 | Crypt Fiend |
| 3:48 | Crypt Fiend |
| 3:50 | Halls of the Dead |
| 4:05 | Crypt Fiend |
| 4:27 | Crypt Fiend |
| 5:03 | Ziggurat |
| 5:05 | Crypt Fiend |
| 5:45 | Unholy Aura |
| 5:49 | Crypt Fiend |
| 6:01 | Crypt Fiend |
| 6:20 | Slaughterhouse |
| 7:48 | Obsidian Statue |
| 8:15 | Crypt Fiend |
| 8:34 | Creature Attack |
| 8:35 | Creature Carapace |
| 9:09 | Frost Nova |
| 9:27 | Temple of the Damned |
| 9:28 | Exhume Corpses |
| 10:07 | Ziggurat |
| 10:08 | Ziggurat |
| 10:08 | Ziggurat |
| 11:01 | Dust of Appearance |
| 11:28 | Meat Wagon |
| 11:28 | Meat Wagon |
| 11:29 | Meat Wagon |
| 11:29 | Meat Wagon |
| 11:31 | Meat Wagon |
| 11:38 | Skeletal Mastery |
| 11:41 | Necromancer |
| 11:41 | Necromancer |
| 11:41 | Necromancer |
| 11:41 | Necromancer |
| 11:42 | Necromancer |
| 12:18 | Frost Armor |
| 13:42 | Crypt Fiend |
| 13:43 | Crypt Fiend |
| 13:50 | Necromancer |
| 13:50 | Necromancer |
| 16:03 | Acolyte |
| 16:16 | Obsidian Statue |
| 17:12 | Necromancer |
| 17:12 | Necromancer |
| 17:53 | Death Coil |
| 18:03 | Obsidian Statue |
| 18:16 | Meat Wagon |
| 19:38 | Necromancer |
| 19:38 | Necromancer |
| 19:41 | Meat Wagon |
| 19:41 | Meat Wagon |
| 20:49 | Necromancer |
| 21:02 | Necropolis |
| 21:06 | Ziggurat |
| 21:07 | Ziggurat |
| 21:08 | Ziggurat |
| 22:39 | Acolyte |
| 22:40 | Acolyte |
| 22:40 | Acolyte |
| 22:40 | Acolyte |
| 22:40 | Acolyte |
| 22:44 | Spirit Tower |
| 22:59 | Banshee |
| 23:00 | Banshee |
| 23:00 | Banshee |
| 23:00 | Banshee |
| 23:26 | Crypt |
| 23:33 | Crypt |
| 23:36 | Gargoyle |
| 23:36 | Gargoyle |
| 23:45 | Ziggurat |
| 24:55 | Gargoyle |
| 24:55 | Gargoyle |
| 24:55 | Gargoyle |
| 24:55 | Gargoyle |
| 25:13 | Gargoyle |
| Right click | 1008 |
| Select | 404 |
| Build/train/purchase | 121 |
| Misc. action | 104 |
| Select group | 36 |
| Use ability | 25 |
| Assign group | 13 |
| Remove unit | 6 |
| Resource trade | 6 |
| Minimap ping | 1 |

| Peon | 12 | 900 | / | 0 |
| Grunt | 2 | 400 | / | 0 |
| Troll Headhunter | 14 | 1960 | / | 280 |
| Demolisher | 9 | 1980 | / | 450 |
| Wind Rider | 16 | 4240 | / | 640 |
| Tauren | 8 | 2240 | / | 640 |
| total: | 61 | 11720g | / | 2010w |
| Watch Tower | 2 | 220 | / | 160 |
| Orc Burrow | 7 | 1120 | / | 280 |
| Altar of Storms | 1 | 180 | / | 50 |
| Barracks | 1 | 180 | / | 50 |
| War Mill | 1 | 205 | / | 0 |
| Great Hall | 1 | 385 | / | 185 |
| Tauren Totem | 1 | 135 | / | 155 |
| Beastiary | 1 | 145 | / | 140 |
| Stronghold | 1 | 315 | / | 190 |
| Fortress | 1 | 325 | / | 190 |
| total: | 15 | 2570g | / | 1020w |
| 0:05 | Orc Burrow |
| 0:07 | Altar of Storms |
| 0:08 | Peon |
| 0:08 | Peon |
| 0:08 | Peon |
| 0:44 | Barracks |
| 0:46 | Peon |
| 1:19 | Peon |
| 1:19 | Peon |
| 1:20 | Peon |
| 1:32 | Orc Burrow |
| 1:55 | War Mill |
| 2:08 | Mirror Image |
| 2:31 | Orc Burrow |
| 2:36 | Grunt |
| 3:13 | Troll Headhunter |
| 3:13 | Troll Headhunter |
| 3:13 | Troll Headhunter |
| 3:14 | Troll Headhunter |
| 3:14 | Troll Headhunter |
| 3:34 | Orc Burrow |
| 4:00 | Stronghold |
| 4:42 | Watch Tower |
| 4:45 | Troll Headhunter |
| 4:45 | Troll Headhunter |
| 4:45 | Troll Headhunter |
| 5:29 | Steel Ranged Weapons |
| 5:50 | Watch Tower |
| 6:24 | Wind Walk |
| 7:18 | Tauren Totem |
| 7:23 | Grunt |
| 7:24 | Troll Headhunter |
| 7:24 | Troll Headhunter |
| 7:24 | Troll Headhunter |
| 7:24 | Troll Headhunter |
| 7:24 | Troll Headhunter |
| 7:27 | Troll Headhunter |
| 7:28 | Fortress |
| 8:00 | Demolisher |
| 8:01 | Demolisher |
| 10:24 | Burning Oil |
| 10:24 | Demolisher |
| 10:24 | Demolisher |
| 10:25 | Demolisher |
| 11:19 | Beastiary |
| 11:23 | Demolisher |
| 11:24 | Demolisher |
| 11:24 | Demolisher |
| 12:03 | Berserker Upgrade |
| 12:30 | Envenomed Spears |
| 12:37 | Peon |
| 12:38 | Peon |
| 12:38 | Peon |
| 12:38 | Peon |
| 12:38 | Peon |
| 12:46 | Orc Burrow |
| 15:18 | Orc Burrow |
| 15:20 | Wind Rider |
| 15:20 | Wind Rider |
| 15:20 | Wind Rider |
| 15:20 | Wind Rider |
| 15:20 | Wind Rider |
| 15:21 | Wind Rider |
| 15:58 | Demolisher |
| 16:19 | Great Hall |
| 16:27 | Pulverize |
| 16:34 | Tauren |
| 16:34 | Tauren |
| 17:20 | Wind Rider |
| 17:21 | Wind Rider |
| 17:26 | Tauren |
| 17:57 | Mirror Image |
| 18:14 | Tauren |
| 18:14 | Tauren |
| 18:20 | Orc Burrow |
| 19:43 | Wind Rider |
| 19:43 | Wind Rider |
| 19:44 | Wind Rider |
| 20:49 | Wind Rider |
| 20:49 | Wind Rider |
| 21:12 | Reinforced Defenses |
| 21:29 | Tauren |
| 22:05 | Wind Rider |
| 22:06 | Wind Rider |
| 22:53 | Tauren |
| 23:24 | Wind Rider |
| 24:05 | Tauren |
| Right click | 397 |
| Select | 254 |
| Build/train/purchase | 97 |
| Select group | 20 |
| Assign group | 10 |
| Resource trade | 6 |
| Use ability | 5 |
| Remove unit | 4 |
| Minimap ping | 3 |
| Misc. action | 1 |



| Healing Salve | 2 | 200 |
| Lesser Clarity Potion | 1 | 70 |
| Dust of Appearance | 1 | 75 |
| Boots of Speed | 3 | 750 |
| total: | 7 | 1095g |
| Peon | 9 | 675 | / | 0 |
| Grunt | 6 | 1200 | / | 0 |
| Wind Rider | 12 | 3180 | / | 480 |
| total: | 27 | 5055g | / | 480w |
| Altar of Storms | 1 | 180 | / | 50 |
| Barracks | 1 | 180 | / | 50 |
| Orc Burrow | 9 | 1440 | / | 360 |
| Voodoo Lounge | 1 | 130 | / | 30 |
| War Mill | 2 | 410 | / | 0 |
| Beastiary | 3 | 435 | / | 420 |
| Stronghold | 1 | 315 | / | 190 |
| Fortress | 1 | 325 | / | 190 |
| total: | 17 | 2775g | / | 910w |
| 0:03 | Peon |
| 0:04 | Peon |
| 0:04 | Peon |
| 0:04 | Peon |
| 0:21 | Altar of Storms |
| 0:38 | Barracks |
| 0:54 | Orc Burrow |
| 1:08 | Peon |
| 1:41 | Orc Burrow |
| 1:49 | Grunt |
| 1:50 | Grunt |
| 2:09 | Voodoo Lounge |
| 2:44 | Orc Burrow |
| 2:54 | Feral Spirit |
| 3:15 | Grunt |
| 3:15 | Grunt |
| 3:21 | Stronghold |
| 3:58 | Chain Lighting |
| 5:31 | Feral Spirit |
| 5:54 | Berserker Strength |
| 5:55 | Grunt |
| 5:55 | Grunt |
| 6:02 | War Mill |
| 6:08 | War Mill |
| 6:12 | Fortress |
| 6:22 | Healing Salve |
| 6:22 | Healing Salve |
| 6:23 | Lesser Clarity Potion |
| 8:15 | Howl of Terror |
| 9:03 | Boots of Speed |
| 9:09 | Boots of Speed |
| 9:29 | Peon |
| 9:30 | Peon |
| 10:05 | Chain Lighting |
| 10:10 | Cleaving Attack |
| 11:02 | Dust of Appearance |
| 11:28 | Orc Burrow |
| 11:29 | Orc Burrow |
| 11:30 | Orc Burrow |
| 11:31 | Orc Burrow |
| 12:29 | Peon |
| 12:29 | Peon |
| 13:20 | Cleaving Attack |
| 13:39 | Steel Melee Weapons |
| 13:41 | Steel Armor |
| 14:46 | Steel Ranged Weapons |
| 14:49 | Thorium Armor |
| 15:15 | Beastiary |
| 15:17 | Beastiary |
| 15:18 | Beastiary |
| 15:35 | Orc Burrow |
| 15:38 | Orc Burrow |
| 15:50 | Thorium Ranged Weapons |
| 16:09 | Arcanite Armor |
| 16:35 | Healing Wave |
| 17:21 | Arcanite Ranged Weapons |
| 18:58 | Envenomed Spears |
| 18:59 | Wind Rider |
| 18:59 | Wind Rider |
| 18:59 | Wind Rider |
| 18:59 | Wind Rider |
| 19:00 | Wind Rider |
| 19:26 | Chain Lighting |
| 19:50 | Hex |
| 19:53 | Wind Rider |
| 19:53 | Wind Rider |
| 19:53 | Wind Rider |
| 19:54 | Wind Rider |
| 19:54 | Wind Rider |
| 21:27 | Boots of Speed |
| 23:32 | Wind Rider |
| 23:32 | Wind Rider |
| Right click | 1359 |
| Select | 241 |
| Build/train/purchase | 104 |
| Select group | 55 |
| Use ability | 29 |
| Assign group | 16 |
| Item give/drop | 14 |
| Misc. action | 10 |
⇛